 Dungeon Crawl Stone Soup version 0.28.0 (webtiles) character file.

Game seed: 7858746479398122130

3084 Host24 the Quickloader (level 10, -1/63 HPs)
             Began as a Kobold Hunter on Feb 5, 2022.
             Was a Follower of Okawaru.
             Slain by a hornet (12 damage)
             ... on level 8 of the Dungeon.
             The game lasted 00:37:16 (13406 turns).

Host24 the Quickloader (Kobold Hunter)             Turns: 13406, Time: 00:37:16

Health: -1/63      AC:  3    Str: 12    XL:     10   Next: 12%
Magic:  13/15      EV: 23    Int: 18    God:    Okawaru [*.....]
Gold:   793        SH:  0    Dex: 18    Spells: 6/9 levels left

rFire   + . .      SeeInvis .   a - +1 hand crossbow
rCold   . . .      Faith    .   (no shield)
rNeg    . . .      Spirit   .   c - +0 leather armour
rPois   .          Reflect  .   (no helmet)
rElec   .          Harm     .   (no cloak)
rCorr   .          Rampage  .   (no gloves)
Will    .....                   (no boots)
Stlth   ++++......              (no amulet)
HPRegen 0.20/turn               j - ring of protection from fire
MPRegen 0.14/turn               u - +6 ring of intelligence

@: lethally poisoned (-1 -> -9), heroic, slowed, very slow
A: small, no large weapons, nightstalker 3
a: Renounce Religion, Heroism


You were on level 8 of the Dungeon.
You worshipped Okawaru.
Okawaru was aware of your devotion.
You visited 2 branches of the dungeon, and saw 9 of its levels.
You also visited: Sewer and Bailey.

You collected 793 gold pieces.

Inventory:

Hand Weapons
 a - a +1 hand crossbow (weapon)
 b - the +10 war axe of Generosity {vamp, +Blink rF- rC- Dex+8}
   (You found it on level 7 of the Dungeon)

   It occasionally heals its wielder for a portion of the damage dealt when it
   wounds a living foe.
   Dex:       It affects your dexterity (+8).
   rF:        It makes you vulnerable to fire.
   rC:        It makes you vulnerable to cold.
   +Blink:    It lets you blink.
 t - a +3 dagger of holy wrath
 G - a +0 scimitar of electrocution
Missiles
 d - 72 bolts (quivered ammo)
 e - 228 stones
 k - 103 arrows
 w - 11 poisoned darts
 z - 17 sling bullets
 A - 26 boomerangs
 B - 4 javelins
 N - 6 datura-tipped darts
Armour
 c - a +0 leather armour (worn)
 Q - a +0 pair of gloves
Jewellery
 j - a ring of protection from fire (left hand)
 p - a ring of resist corrosion
 u - a +6 ring of intelligence (right hand)
 K - a ring of flight
Wands
 D - a wand of iceblast (15)
 O - a wand of paralysis (5)
 R - a wand of flame (25)
Scrolls
 g - 10 scrolls of identify {unknown}
 l - 2 scrolls of blinking {unknown}
 m - 2 scrolls of vulnerability {unknown}
 n - 2 scrolls of fog {unknown}
 o - 4 scrolls of fear {unknown}
 q - 2 scrolls of summoning {unknown}
 r - 2 scrolls of teleportation {unknown}
 v - 2 scrolls of noise {unknown}
 x - 2 scrolls of enchant weapon {unknown}
 y - a scroll of enchant armour {unknown}
 C - a scroll of silence {unknown}
 F - a scroll of torment {unknown}
Potions
 f - 2 potions of heal wounds {unknown}
 h - 6 potions of curing {unknown}
 i - a potion of ambrosia {unknown}
 s - 3 potions of berserk rage {unknown}
 E - a potion of mutation {unknown}
 H - 3 potions of attraction {unknown}
 J - a potion of flight
 L - a potion of invisibility {unknown}
 M - 2 potions of brilliance {unknown}
 P - a potion of lignification {unknown}
Miscellaneous
 I - a phantom mirror


   Skills:
 - Level 7.3(12.3) Fighting
 - Level 10.0(15.0) Crossbows
 - Level 8.0(13.0) Dodging
 - Level 1.3(6.3) Stealth
 + Level 0.4 Spellcasting
 + Level 0.4 Hexes
 + Level 0.4 Translocations
 - Level 7.2 Invocations


You had 6 spell levels left.
You knew the following spells:

 Your Spells              Type           Power      Damage    Failure   Level
a - Portal Projectile     Hex/Tloc       2%         N/A       56%         3

Your spell library contained the following spells:

 Spells                   Type           Power      Damage    Failure   Level
 Gell's Gravitas          Tloc           1%         N/A       56%         3
 Teleport Other           Tloc           1%         N/A       56%         3
 Blade Hands              Tmut           0%         N/A       100%        5
 Excruciating Wounds      Necr           0%         N/A       100%        5
 Dispersal                Tloc           0%         N/A       100%        6


Dungeon Overview and Level Annotations

Branches:
Dungeon (8/15)             Temple (1/1) D:7            Lair (0/6) D:8
  Sewer (visited)          Bailey (visited)

Altars:
Cheibriados
Dithmenos
Hepliaklqana
Makhleb
Okawaru
Qazlal
Ru
Trog
Uskayaw
Wu Jian
Xom
The Shining One

Shops:
D:4 [=

Annotations:
D:6 1 runed translucent door, Crazy Yiuf
D:7 2 runed translucent doors


Innate Abilities, Weirdness & Mutations

You are small and have problems with some larger weapons.
You are completely attuned to the shadows.


Message History

There is an open door here.
A hornet comes into view.
The hornet buzzes angrily.
You feel the dreadful sensation subside.
a - a +1 hand crossbow (weapon)
Fire: 75 bolts
Press: ? - help, Q - select action, (/) - cycle Shift-Dir - straight line, f - hornet
Aim: a hornet (62% to hit)
You shoot a bolt. The bolt closely misses the hornet.
The hornet barely misses you. x2
Unknown command.
Fire: 74 bolts
Press: ? - help, Q - select action, (/) - cycle Shift-Dir - straight line, f/p - hornet
Aim: a hornet (62% to hit)
You shoot a bolt. The bolt hits the hornet!
The hornet is heavily wounded.
The hornet stings you.
You are poisoned.
You suddenly lose the ability to move!
You feel sick. The hornet barely misses you. The hornet stings you!
You feel yourself slow down.
You feel yourself speed up.
You feel sick. The hornet stings you!
You are more poisoned.
You feel yourself slow down.
You can move again.
You gain the combat prowess of a mighty hero.
You feel very sick. The hornet closely misses you. The hornet stings you!
* * * LOW HITPOINT WARNING * * *
You feel as though you will be slow longer.
Fire: 73 bolts
Press: ? - help, Q - select action, (/) - cycle Shift-Dir - straight line, f/p - hornet
Aim: a hornet (heavily wounded, 66% to hit)
You shoot a bolt. The bolt hits the hornet.
The hornet is severely wounded.
* * * LOW HITPOINT WARNING * * *
You feel very sick. The hornet closely misses you. The hornet stings you!
You die...

#..........†....
#...............
#...............
#...............
#...............
#..........#####
######..........#####
................'...#
(..y@...........###.#
................# #.#
................###'#
###########+#### #...
#... #... . #... ..
#... ...#####...


You could see a hornet.

Vanquished Creatures
  Eustachio (D:6)
  A steam dragon (D:8)
  Menkaure (D:7)
  A water moccasin (D:7)
  2 sky beasts
  An ice beast (D:5)
  6 orc warriors (Bailey)
  A black bear (D:5)
  A necrophage (D:5)
  An ogre (D:5)
  3 centaurs
  A kobold brigand (D:4)
  3 bullfrogs
  A gnoll sergeant (D:7)
  A scorpion (D:6)
  A wyvern skeleton (D:6)
  A water moccasin skeleton (D:5)
  4 wights (D:6)
  4 hounds
  A jelly (D:5)
  A bullfrog zombie (D:6)
  A centaur skeleton (D:7)
  Ijyb (D:3)
  An iguana (D:5)
  2 orc wizards
  A howler monkey zombie (D:8)
  7 gnolls
  9 adders
  A river rat (Sewer)
  A shadow imp (D:5)
  A white imp (D:5)
  2 worms
  2 dart slugs
  13 orcs
  12 ball pythons
  5 endoplasms
  10 giant cockroaches
  13 goblins
  3 hobgoblins
  3 jackals (Sewer)
  22 kobolds
  13 quokkas
  11 bats
  4 frilled lizards
  4 rats
179 creatures vanquished.

Notes
Turn   | Place    | Note
-------+----------+-------------------------------------------
     0 | D:1      | Host24 the Kobold Hunter began the quest for the Orb.
     0 | D:1      | Reached XP level 1. HP: 12/12 MP: 1/1
    96 | D:1      | Reached skill level 5 in Crossbows
   208 | D:1      | Reached XP level 2. HP: 17/18 MP: 2/2
   825 | D:1      | Found a faded altar of an unknown god.
   893 | D:1      | Reached XP level 3. HP: 18/23 MP: 3/3
  1805 | D:2      | Reached XP level 4. HP: 13/28 MP: 4/4
  2318 | D:2      | Reached skill level 6 in Crossbows
  2656 | D:3      | Noticed Ijyb
  2927 | D:3      | Found a glowing drain.
  2935 | D:3      | Reached XP level 5. HP: 30/32 MP: 5/5
  2936 | Sewer    | Entered a sewer
  3725 | Sewer    | Reached skill level 7 in Crossbows
  4662 | D:4      | Found Onoc's Jewellery Emporium.
  4835 | D:4      | Noticed a kobold brigand
  4840 | D:4      | Killed a kobold brigand
  4841 | D:4      | Reached skill level 8 in Crossbows
  4841 | D:4      | Reached XP level 6. HP: 37/37 MP: 6/6
  5122 | D:4      | Found Beosta Zoki's Antique Armour Shoppe.
  6195 | D:5      | Entered Level 5 of the Dungeon
  6195 | D:5      | Noticed an ogre
  6531 | D:5      | Noticed a necrophage
  6723 | D:5      | Reached XP level 7. HP: 37/41 MP: 7/7
  6797 | D:5      | Reached skill level 9 in Crossbows
  7373 | D:5      | Reached skill level 10 in Crossbows
  7914 | D:5      | Found a shadowy altar of Dithmenos.
  7952 | D:5      | Reached XP level 8. HP: 11/48 MP: 8/8
  8236 | D:5      | Reached skill level 5 in Fighting
  8496 | D:3      | Killed Ijyb
  8764 | D:6      | Noticed Eustachio
  9855 | D:6      | Found a runed translucent door.
  9858 | D:6      | Noticed Crazy Yiuf
 10085 | D:6      | Found a sacrificial altar of Ru.
 10093 | D:6      | Found a stormy altar of Qazlal.
 10363 | D:6      | Reached skill level 5 in Dodging
 10363 | D:6      | Reached XP level 9. HP: 51/57 MP: 9/9
 10394 | D:6      | Killed Eustachio
 10687 | D:7      | Found a staircase to the Ecumenical Temple.
 10698 | Temple   | Entered the Ecumenical Temple
 10758 | Temple   | Became a worshipper of Warmaster Okawaru
 10858 | D:7      | Noticed Menkaure
 10861 | D:7      | Killed Menkaure
 10880 | D:7      | Found a flagged portal.
 10890 | Bailey   | Entered a bailey
 11199 | Bailey   | Reached skill level 1 in Invocations
 11235 | Bailey   | Reached * piety under Okawaru
 11303 | Bailey   | Reached skill level 5 in Invocations
 11851 | D:7      | Learned a level 3 spell: Portal Projectile
 11921 | D:7      | Found a large runed translucent door.
 11923 | D:7      | Found a large runed translucent door.
 12488 | D:7      | Identified the +10 war axe of Generosity {vamp, +Blink rF-
                  | rC- Dex+8}
 12630 | D:8      | Reached XP level 10. HP: 9/63 MP: 10/14
 12931 | D:8      | Found a staircase to the Lair.
 13358 | D:8      | Reached ** piety under Okawaru
 13402 | D:8      | Paralysed by a hornet for 3 turns
 13406 | D:8      | Slain by a hornet

Illustrated notes

Levels and vault maps discovered:
D:1:      nzn_arrival_crosshair, layout_basic, shapermc_ecumenical_altar_ellora
D:2:      layout_loops_ring
D:3:      layout_basic, gup_sewer_entry_pipe, uniq_ijyb
D:4:      layout_basic, serial_shops, shop, minmay_shop_enchanted_jewellery,
          lightli_minifort
D:5:      layout_loops_corners, grunt_dithmenos_smoke_and_mirrors
D:6:      layout_basic, minitemple, uniq_pikel, uniq_eustachio,
          uniq_crazy_yiuf_cottage
D:7:      layout_cave_pools, minmay_temple_entry_grid,
          ebering_ghost_disaster_area, enter_bailey_3, minmay_strange_pillars,
          nicolae_elevator_lobby_asterisk, uniq_menkaure
D:8:      layout_basic, lemuel_coloured_pillars_altar, david_lair_shrubbed
Temple:   nicolae_temple_figure_zero

Skill      XL: |  1  2  3  4  5  6  7  8  9 10 |
---------------+-------------------------------+-----
Crossbows      | 5 6 8 10 | 10.0
Fighting       | 3 4 7 |  7.3
Dodging        | 3 5 8 |  8.0
Invocations    | 6 7 |  7.2
Stealth        | |  1.3
Spellcasting   | |  0.4
Hexes          | |  0.4
Translocations | |  0.4

Action                   |  1- 3 |  4- 6 |  7- 9 | 10-12 || total
-------------------------+-------+-------+-------+-------++-------
Melee: Short sword       |    99 |   265 |    48 |       ||   412
       Punch             |     1 |       |     2 |       ||     3
       Dagger            |       |     4 |    34 |     4 ||    42
       Scimitar          |       |       |    20 |       ||    20
       War axe           |       |       |     6 |    10 ||    16
 Fire: Hand crossbow     |    10 |    64 |   262 |     6 ||   342
Throw: Stone             |       |     5 |       |       ||     5
Invok: Heroism           |       |       |     3 |     1 ||     4
 Abil: Evoke Blink       |       |       |     1 |       ||     1
  Use: Potion            |       |     3 |     3 |       ||     6
 Stab: Sleeping          |    12 |    13 |     4 |     2 ||    31
       Distracted        |       |       |     1 |       ||     1
Armor: Leather armour    |    15 |    79 |    25 |     5 ||   124
Dodge: Dodged            |    75 |   327 |   218 |    14 ||   634
